 Dungeon Crawl Stone Soup version 0.22-a0-782-g038298e (webtiles) character file.

81 Kuinu the Firebug (level 4, -1/33 HPs)
             Began as a Draconian Fire Elementalist on July 20, 2018.
             Slain by a hobgoblin (3 damage)
             ... on level 2 of the Dungeon.
             The game lasted 00:10:24 (3101 turns).

Kuinu the Firebug (Draconian Fire Elementalist)     Turns: 3101, Time: 00:10:25

Health: -1/33      AC:  5    Str:  7 (10) XL:     4   Next: 19%
Magic:  4/8        EV: 12    Int: 16 (17) God:
Gold:   92         SH:  0    Dex:  8 (11) Spells: 2/8 levels left

rFire    . . .     SeeInvis .   e - -1 dagger (curse)
rCold    . . .     Gourm    .   (no shield)
rNeg     . . .     Faith    .   (armour unavailable)
rPois    .         Spirit   .   (helmet restricted)
rElec    .         Reflect  .   (no cloak)
rCorr    .         Harm     .   (no gloves)
MR       .....                  (no boots)
Stlth    ++........             (no amulet)
HPRegen  0.11/turn              (no ring)
MPRegen  0.11/turn              (no ring)

@: lethally poisoned (-1 -> -4), very slightly contaminated
A: unfitting armour, cold-blooded, AC +5
a: no special abilities


You were on level 2 of the Dungeon.
You were hungry.

You visited 1 branch of the dungeon, and saw 2 of its levels.

You collected 92 gold pieces.

Inventory:

Hand Weapons
 c - a +0 dagger
 e - a cursed -1 dagger (weapon)
Potions
 a - 2 potions of invisibility
Comestibles
 b - 6 rations


   Skills:
 + Level 2.1 Dodging
 + Level 2.3 Stealth
 * Level 2.8 Spellcasting
 + Level 1.6 Conjurations
 * Level 3.7 Fire Magic


You had 2 spell levels left.
You knew the following spells:

 Your Spells              Type           Power        Failure   Level  Hunger
a - Flame Tongue          Conj/Fire      ##...        6%          1    #......
b - Throw Flame           Conj/Fire      ##....       10%         2    ##.....
c - Conjure Flame         Conj/Fire      ##......     19%         3    ###....

Your spell library contained the following spells:

 Spells                   Type           Power        Failure   Level  Hunger
 Fireball                 Conj/Fire      ##........   87%         5    ######.
 Sticky Flame             Conj/Fire      ##......     54%         4    #####..
 Inner Flame              Hex/Fire       #.......     26%         3    ###....


Dungeon Overview and Level Annotations

Branches:
Dungeon (2/15)

Altars:

Annotations:
D:2 Jessica, Robin


Innate Abilities, Weirdness & Mutations

Your plain brown scales are hard. (AC +5)
You cannot fit into any form of body armour.
You are cold-blooded and may be slowed by cold attacks.


Message History

Confirm with . or Enter, or press ? or * to list all spells.
Aiming: Flame Tongue (safe; 6% risk of failure)
Press: ? - help, Shift-Dir - straight line, f/p - adder
Aim: an adder (almost dead)
You miscast Flame Tongue.
You are very lightly contaminated with residual magic.
You feel a strange surge of energy! Robin throws the goblin at you!
The goblin barely misses you. The adder bites you.
* * * LOW HITPOINT WARNING * * *
The hobgoblin hits you but does no damage.
Casting: Flame Tongue (safe; 6% risk of failure)
Confirm with . or Enter, or press ? or * to list all spells.
Aiming: Flame Tongue (safe; 6% risk of failure)
Press: ? - help, Shift-Dir - straight line, f/p - adder
Aim: an adder (almost dead)
The flame tongue misses the adder.
You feel sick. The adder barely misses you. The goblin hits you.
* * * LOW HITPOINT WARNING * * *
The hobgoblin hits you.
You die... ##.# #.### ####.... #....... #.##...# #.##.... ######## #.##.... #gSggg@#

#......#
#@####.#
####..(.
#g####.#####
#....
#g#....g.gg#
#####
.gg§.##g###@###
#
##.####..g....#
#
#.$......#g#.#
#
#######..#.#.#
# #..#.#.# #
#..#g#.# #


You could see Robin, an adder, Jessica, 4 hobgoblins and 3 goblins.

Vanquished Creatures
  3 adders (D:2)
  A worm (D:2)
  A dart slug (D:1)
  A leopard gecko (D:1)
  A ball python (D:1)
  5 bats
  7 giant cockroaches (D:1)
  3 goblins (D:1)
  7 hobgoblins
  2 jackals (D:2)
  5 kobolds
  A quokka (D:2)
  3 frilled lizards
  5 rats
45 creatures vanquished.

Notes
Turn   | Place    | Note
-------+----------+-------------------------------------------
     0 | D:1      | Kuinu the Draconian Fire Elementalist began the quest for the Orb.
     0 | D:1      | Reached XP level 1. HP: 14/14 MP: 3/3
   465 | D:1      | Reached XP level 2. HP: 9/20 MP: 0/5
   469 | D:1      | Learned a level 2 spell: Throw Flame
  1461 | D:1      | Reached XP level 3. HP: 26/26 MP: 4/6
  1640 | D:1      | Learned a level 3 spell: Conjure Flame
  2674 | D:2      | Reached XP level 4. HP: 33/33 MP: 6/8
  3055 | D:2      | Noticed Jessica
  3069 | D:2      | Noticed Robin
  3101 | D:2      | Slain by a hobgoblin

Vault maps used:
D:1:      dpeg_arrival_concentric_ovals
D:2:      minmay_misc_feat_ornament, uniq_jessica, uniq_robin

Skill      XL: |  1  2  3 |
---------------+----------+-----
Stealth        | 2 |  2.3
Dodging        | 2 |  2.1
Spellcasting   | |  2.8
Conjurations   | |  1.6
Fire Magic     | |  3.7

Action                   |  1- 3 |  4- 6 || total
-------------------------+-------+-------++-------
Melee: Unarmed           |     4 |       ||     4
       Tailslap          |     3 |     3 ||     6
       Dagger            |    42 |    17 ||    59
 Cast: Flame Tongue      |    49 |     6 ||    55
       Throw Flame       |     6 |     4 ||    10
  Use: Scroll            |       |     2 ||     2
       Potion            |       |     1 ||     1
  Eat: Chunk             |     6 |     1 ||     7
Armor: Skin              |    22 |    14 ||    36
Dodge: Dodged            |    35 |    32 ||    67

Table legend:
 A = Spawn XP
 B = Non-spawn XP
 C = Spawn XP percentage of total XP
 D = Spawn monster count
 E = Non-spawn monster count
 F = Spawn count percentage of total count
 G = Total turns spent on level
                    A         B        C        D         E        F      G
               +---------+---------+-------+---------+---------+-------+---------
         Total |       0 |     116 |   0.0 |       0 |      45 |   0.0 |  3101
               +---------+---------+-------+---------+---------+-------+---------
           D:1 |       0 |      53 |   0.0 |       0 |      29 |   0.0 |  1933
           D:2 |       0 |      63 |   0.0 |       0 |      16 |   0.0 |  1168
               +---------+---------+-------+---------+---------+-------+---------
